 Dungeon Crawl Stone Soup version 0.28-a0-1234-g826d19b2e0 (webtiles) character file.

Game seed: 3923907075957050484

341 dr0g0th the Covered (level 6, -3/39 HPs)
             Began as a Gargoyle Fighter on Dec 23, 2021.
             Was an Initiate of Okawaru.
             Slain by a wight (7 damage)
             ... on level 4 of the Dungeon.
             The game lasted 00:05:14 (4500 turns).

dr0g0th the Covered (Gargoyle Fighter)              Turns: 4500, Time: 00:05:15

Health: -3/39      AC: 19    Str: 21    XL:     6   Next: 56%
Magic:  6/6        EV:  6    Int:  9    God:    Okawaru [......]
Gold:   130        SH:  4    Dex:  9    Spells: 5/5 levels left

rFire   . . .      SeeInvis .   a - +0 flail
rCold   . . .      Faith    .   c - +0 buckler
rNeg    + . .      Spirit   .   g - +0 plate armour
rPois   ∞          Reflect  .   i - +2 helmet
rElec   +          Harm     .   (no cloak)
rCorr   .          Rampage  .   (no gloves)
Will    .....                   (no boots)
Stlth   ..........              (no amulet)
HPRegen 0.13/turn               (no ring)
MPRegen 0.10/turn               (no ring)

@: no status effects
A: sickness immunity, AC +4, negative energy resistance 1, electricity
resistance, torment resistance 1, petrification resistance
a: Renounce Religion


You were on level 4 of the Dungeon.
You worshipped Okawaru.
Okawaru was noncommittal.
You visited 2 branches of the dungeon, and saw 6 of its levels.

You collected 130 gold pieces.

Inventory:

Hand Weapons
 a - a +0 flail (weapon)
Armour
 c - a +0 buckler (worn)
 g - a +0 plate armour (worn)
 i - a +2 helmet (worn)
Wands
 b - a wand of digging (4)
Scrolls
 j - a scroll of silence {unknown}
 k - a scroll of immolation {unknown}
 l - a scroll of fog {unknown}
Potions
 d - 2 potions of might
 h - a potion of invisibility {unknown}
 m - a potion of degeneration {unknown}


   Skills:
 + Level 4.4 Fighting
 + Level 4.5 Maces & Flails
 + Level 4.7 Armour
 + Level 0.7 Dodging
 + Level 0.1 Stealth
 + Level 4.1 Shields


You had 5 spell levels left.
You didn't know any spells.
Your spell library contained the following spells:

 Spells                   Type           Power      Damage    Failure   Level
 Corpse Rot               Necr/Air       0%         N/A       100%        2
 Poisonous Vapours        Pois/Air       0%         N/A       100%        2
 Conjure Flame            Conj/Fire      0%         6-21      100%        3
 Ignite Poison            Fire/Tmut/Pois 0%         N/A       100%        3
 Ozocubu's Armour         Ice            0%         N/A       100%        3
 Sticky Flame             Conj/Fire      0%         2d3       100%        4
 Metabolic Englaciation   Hex/Ice        0%         N/A       100%        5
 Simulacrum               Ice/Necr       Unusable   N/A       N/A         6

Dungeon Overview and Level Annotations

Branches:
Dungeon (5/15)             Temple (1/1) D:4

Altars:
Dithmenos
Fedhas
Gozag
Makhleb
Nemelex Xobeh
Okawaru
Zin
The Shining One

Annotations:
D:3 1 transporter, CowFu's ghost, amateur GnMo


Innate Abilities, Weirdness & Mutations

You are immune to sickness and miasma.
Your stone body is resilient. (AC +4)
You are immune to poison.
You resist negative energy. (rN+)
You are resistant to electric shocks. (rElec)
You are resistant to unholy torment.
You are immune to petrification.


Message History

There is an open door here.
You open the door.
There is an open door here.
You open the door.
A wight comes into view.
It is wielding a +2 short sword of freezing.
There is an open door here. 2 wights come into view.
You sock the wight!
The wight is heavily damaged.
The wight barely misses you.
You hit the wight but do no damage.
The wight is heavily damaged.
The wight hits you with a +2 short sword of freezing.
The wight freezes you.
You barely miss the wight.
The wight is heavily damaged.
The wight hits you with a +2 short sword of freezing.
The wight freezes you.
The wight hits you with a +2 short sword of freezing.
The wight freezes you.
You hit the wight.
The wight is severely damaged.
The wight hits you but does no damage. x2
You closely miss the wight.
The wight is severely damaged.
The wight hits you but does no damage. The wight closely misses you.
The wight hits you but does no damage.
The wight hits you with a +3 great sword!
* * * LOW HITPOINT WARNING * * *
The wight hits you from afar with a +5 halberd.
* * * LOW HITPOINT WARNING * * *
Okay, then.
Okay, then.
It was a potion of curing.
You feel better.
The wight hits you with a +2 short sword of freezing.
* * * LOW HITPOINT WARNING * * *
The wight freezes you.
* * * LOW HITPOINT WARNING * * *
The wight hits you with a +3 great sword!
You die...

#.#.....# #.......#
#....# ##......#
.... ##..#####.###
.... .............
... .............
..#
###.#####.######z#
...............zz#
####.####.### #@#
#.## #.######'##
#..# #.##......#
##.# #.##......#
#####.###.##......#
.......##.######'##
.......##.# #.#
........#.# #.#
......#.#.# ##'###


You could see 3 wights.

Vanquished Creatures
  A black bear (D:4)
  Natasha (thrice) (D:2)
  2 orc wizards (D:4)
  A howler monkey skeleton (D:4)
  Robin (D:2)
  2 adders
  3 worms
  4 dart slugs
  4 orcs
  9 ball pythons
  4 endoplasms
  4 giant cockroaches (D:2)
  11 goblins
  7 hobgoblins
  4 jackals (D:2)
  2 quokkas
  2 bats
  5 frilled lizards
  A kobold (D:2)
  7 rats
77 creatures vanquished.

Notes
Turn   | Place    | Note
-------+----------+-------------------------------------------
     0 | D:1      | dr0g0th the Gargoyle Fighter began the quest for the Orb.
     0 | D:1      | Reached XP level 1. HP: 14/14 MP: 1/1
   167 | D:1      | Reached XP level 2. HP: 18/19 MP: 2/2
  1272 | D:2      | Reached XP level 3. HP: 17/23 MP: 3/3
  1430 | D:2      | Noticed Natasha
  1433 | D:2      | Killed Natasha
  1639 | D:2      | Reached XP level 4. HP: 28/28 MP: 4/4
  1765 | D:2      | Noticed Natasha
  1773 | D:2      | Killed Natasha
  2009 | D:2      | Found a faded altar of an unknown god.
  2009 | D:2      | Noticed Natasha
  2015 | D:2      | Killed Natasha
  2016 | D:2      | Reached XP level 5. HP: 23/33 MP: 5/5
  2160 | D:2      | Noticed Robin
  2647 | D:2      | Killed Robin
  3521 | D:3      | Noticed an ogre
  3521 | D:3      | Noticed CowFu's ghost (amateur GnMo)
  3626 | D:3      | Found a transporter.
  3630 | D:3      | Noticed an ogre
  4076 | D:4      | Found a staircase to the Ecumenical Temple.
  4120 | D:4      | Reached XP level 6. HP: 36/38 MP: 6/6
  4260 | D:4      | Noticed a black bear
  4274 | D:4      | Killed a black bear
  4353 | D:5      | Entered Level 5 of the Dungeon
  4378 | Temple   | Entered the Ecumenical Temple
  4455 | Temple   | Became a worshipper of Warmaster Okawaru
  4500 | D:4      | Slain by a wight

Illustrated notes

Levels and vault maps discovered:
D:1:      minmay_arrival_five_plusses, layout_basic
D:2:      minmay_chambers_of_ones, layout_basic,
          hellmonk_ecumenical_altar_run_dry, uniq_natasha, uniq_robin
D:3:      layout_basic, gammafunk_ghost_smash
D:4:      layout_basic, minmay_temple_entry_antechambers, hangedman_decor_lopped
D:5:      layout_layer_cave, uniq_grinder, uniq_prince_ribbit1,
          uniq_blork_the_orc, uniq_duvessa, uniq_eustachio
Temple:   compressed_dpeg_triangle_lava_temple

Skill      XL: |  1  2  3  4  5 |
---------------+----------------+-----
Armour         | 4 |  4.7
Fighting       | 4 |  4.4
Maces & Flails | 3 4 |  4.5
Shields        | 4 |  4.1
Dodging        | |  0.7
Stealth        | |  0.1

Action                   |  1- 3 |  4- 6 || total
-------------------------+-------+-------++-------
Melee: Flail             |    99 |   209 ||   308
  Use: Scroll            |     2 |       ||     2
       Potion            |       |     2 ||     2
Armor: Scale mail        |    45 |    18 ||    63
       Plate armour      |       |   155 ||   155
       Skin              |       |    32 ||    32
Dodge: Dodged            |    44 |    81 ||   125
Block: Buckler           |    15 |    61 ||    76

Table legend: (Time is in decaauts)
 A = Elapsed time spent in this place.
 B = Non-inter-level travel time spent in this place.
 C = Inter-level travel time spent in this place.
 D = Time resting spent in this place.
 E = Time spent auto-exploring this place.
 F = Levels seen in this place.
 G = Mean time per level.
                   A        B        C        D        E       F      G
               +--------+--------+--------+--------+--------+-----+--------+
         Total |   4582 |   4372 |    210 |    843 |   2816 |   6 |  763.7 |
       Dungeon |   4493 |   4307 |    186 |    843 |   2758 |   5 |  898.6 |
        Temple |     88 |     64 |     24 |      0 |     58 |   1 |   88.0 |
               +--------+--------+--------+--------+--------+-----+--------+

Top non-repeatable levels by time:
     D:2: 1670 daAuts
     D:3: 1227 daAuts
     D:1: 1095 daAuts
     D:4: 496 daAuts
  Temple: 88 daAuts
     D:5: 3 daAuts
